 Dungeon Crawl Stone Soup version 0.31-a0-925-g0a390f2509 (webtiles) character file.

Game seed: 14818704013330591945

52531 Pooter the Severer (level 14, 0/129 HPs)
             Began as a Minotaur Berserker on Oct 18, 2023.
             Was an Elder of Trog.
             Slain by a large abomination (23 damage)
             ... on level 3 of the Abyss.
             The game lasted 01:42:27 (30551 turns).

Pooter the Severer (Minotaur Berserker)            Turns: 30551, Time: 01:42:27

Health: 0/129      AC: 20    Str: 24 (25) XL:     14   Next: 27%
Magic:  12/13      EV:  9    Int:  4 (6)  God:    Trog [****..]
Gold:   1591       SH:  0    Dex: 16      Spells: 13/13 levels left

rFire   . . .        a - +4 executioner's axe (vamp)
rCold   . . .        (shield currently unavailable)
rNeg    . . .        C - +7 chain mail
rPois   .            c - +1 hat
rElec   .            d - +0 cloak
rCorr   .            D - +0 pair of gloves
SInv    +            J - +0 pair of boots
Will    +++..        (no amulet) Stlth
                     S - ring of see invisible
HPRegen 1.41/turn    n - +6 ring of dexterity
MPRegen 0.13/turn

%: no passive effects
@: mighty, strong-willed, regenerating
A: horns 2, retaliatory headbutt
a: Renounce Religion, Berserk, Trog's Hand, Brothers in Arms


You were on level 3 of the Abyss.
You worshipped Trog.
Trog was greatly pleased with you.
You visited 3 branches of the dungeon, and saw 17 of its levels.
You visited the Abyss 1 time.

You collected 1807 gold pieces.
You spent 216 gold pieces at shops.

Inventory:

Hand Weapons
 a - a +4 vampiric executioner's axe (weapon)
   (Trog gifted it to you on level 5 of the Lair of Beasts)
 b - the +9 arbalest "Itsaewal" {penet, Will- Str+4 SInv}
   (You acquired it on level 10 of the Dungeon)

   Str+4:     It affects your strength (+4).
   Will-:     It decreases your willpower.
   SInv:      It lets you see invisible.
 v - a +0 battleaxe
   (You found it on level 6 of the Dungeon)
 A - a +4 trident of draining
   (You took it off Jeremiah on level 7 of the Dungeon)
 F - a +0 orcbow
   (You took it off a centaur on level 7 of the Dungeon)
 H - a +0 morningstar
   (You took it off Maggie on level 1 of the Lair of Beasts)
 M - the +2 broad axe "Tarr" {protect, rElec rPois Int-3}
   (You took it off an orc warrior on level 8 of the Dungeon)

   Int-3:     It affects your intelligence (-3).
   rElec:     It insulates you from electricity.
   rPois:     It protects you from poison
 R - a +3 scimitar of flaming
   (You took it off Erica on level 2 of the Lair of Beasts)
Missiles
 h - 5 throwing nets {!f}
 j - 41 poisoned darts (quivered)
 y - 8 curare-tipped darts
 K - 15 boomerangs
 Q - 139 stones
Armour
 c - a +1 hat (worn)
   (You found it on level 6 of the Dungeon)
 d - a +0 cloak (worn)
   (You found it on level 1 of the Dungeon)
 C - a +7 chain mail (worn)
   (You found it on level 5 of the Dungeon)
 D - a +0 pair of gloves (worn)
   (You found it on level 7 of the Dungeon)
 J - a +0 pair of boots (worn)
   (You found it on level 2 of the Lair of Beasts)
Jewellery
 n - a +6 ring of dexterity (right hand)
   (You found it on level 4 of the Dungeon)
 x - an amulet of reflection
   (You found it on level 7 of the Dungeon)
 B - a +6 ring of intelligence
   (You found it on level 7 of the Dungeon)
 O - a ring of flight
   (You found it on level 3 of the Lair of Beasts)
 P - a ring of poison resistance
   (You found it on level 1 of the Dungeon)
 S - a ring of see invisible (left hand)
   (You found it on level 6 of the Dungeon)
 V - an amulet of regeneration
   (You found it on level 5 of the Lair of Beasts)
Wands
 f - a wand of flame (50)
   (You found it on level 6 of the Dungeon)
 q - a wand of roots (12)
   (You took it off Ijyb on level 5 of the Dungeon)
 u - a wand of paralysis (12)
   (You found it on level 6 of the Dungeon)
 w - a wand of quicksilver (7)
   (You found it on level 6 of the Dungeon)
 E - a wand of mindburst (12)
   (You took it off an orc on level 8 of the Dungeon)
 I - a wand of polymorph (12)
   (You found it on level 2 of the Lair of Beasts)
Scrolls
 i - a scroll of identify {@r1}
 m - 4 scrolls of noise {!r}
 p - a scroll of immolation {!r}
 r - 2 scrolls of revelation
 t - 6 scrolls of teleportation {@r4}
 G - 4 scrolls of fear
 N - a scroll of enchant armour
 T - 2 scrolls of poison {!r}
 W - a scroll of summoning
 X - a scroll of fog
Potions
 e - a potion of mutation {!q}
 g - 11 potions of curing {@q1}
 k - 4 potions of attraction {!q}
 l - 3 potions of lignification {!q}
 o - a potion of cancellation
 s - 3 potions of heal wounds {@q2}
 z - 3 potions of haste {@q3}
Miscellaneous
 U - a condenser vane (inert)
   (You found it on level 5 of the Lair of Beasts)


   Skills:
 + Level 13.2 Fighting
 * Level 18.2 Axes
 * Level 16.0 Ranged Weapons
 - Level 2.4 Armour
 - Level 2.1 Dodging
 + Level 8.2 Evocations


You had 13 spell levels left.
You didn't know any spells.
Your spell library was empty.

Dungeon Overview and Level Annotations

Branches:
Dungeon (10/15) Zot: 25530  Temple (0/1) D:4            Lair (5/5) D:10 Zot: 15964
  Swamp (0/4) Lair:2       Spider (0/4) Lair:2        Slime (0/5) Lair:5
    Orc (2/2) D:9 Zot: 7287     Elf (0/3) Orc:2

Altars:
Dithmenos
Elyvilon
Gozag
Kikubaaqudgha
Ru
Jiyva

Shops:
Orc:2 ?

Annotations:
D:5 2 transporters, Thrassey's ghost, amateur OpFE
D:9 3 runed translucent doors
Orc:2 Erolcha


Innate Abilities, Weirdness & Mutations

You have a pair of horns on your head.
You reflexively headbutt those who attack you in melee.


Message History

You completely miss the iron imp. You headbutt the iron imp.
The iron imp hits you but does no damage.
You closely miss the iron imp.
Your skin stops crawling.
You feel less strong-willed.
The iron imp grins evilly.
The iron imp barely misses you.
You slash the iron imp! You slash the iron imp!
You kill the iron imp!
Trog accepts your kill.
You slice the titan zombie!! You headbutt the titan zombie!
The titan zombie hits you!
You slice the titan zombie!!
The titan zombie hits you but does no damage.
You slash the titan zombie! The titan zombie completely misses you.
You furiously retaliate!
You headbutt the titan zombie!
Your skin crawls.
You feel strong-willed.
You slice the titan zombie!! You headbutt the titan zombie.
A large abomination comes into view.
The titan zombie hits you!!
You hit the titan zombie. You headbutt the titan zombie.
The titan zombie hits you!
You hit the titan zombie but do no damage.
You headbutt the titan zombie, but do no damage.
The titan zombie hits you!
You slice the titan zombie!! You slash the titan zombie!
You headbutt the titan zombie! The titan zombie hits you.
* * * LOW HITPOINT WARNING * * *
It was a potion of might.
You feel very mighty all of a sudden. The titan zombie barely misses you.
You furiously retaliate!
You headbutt the titan zombie!
You destroy the titan zombie!
Trog accepts your kill.
Your Ranged Weapons skill increases to level 16!
You hit the large abomination.
The large abomination barely misses you.
You furiously retaliate!
You headbutt the large abomination!
You completely miss the large abomination.
You headbutt the large abomination. The large abomination hits you!!
* * * LOW HITPOINT WARNING * * *
You hit the large abomination. The large abomination hits you!!
* * * LOW HITPOINT WARNING * * *
You barely miss the large abomination.
Your headbutt misses the large abomination.
Unknown command.
You slice the large abomination!! The large abomination hits you!!
You die...

.... ... #.. .
.#... # #. ##.##
### .... #..##.
...
###.##...##.#...
.......@........
..#.#.X..#.....~
#...... ....
..##..#.....
...#. ...#.....
##...#..# ....
#.#....# ... .
.. ...# ... #
#.# . .


You could see a large abomination.

Vanquished Creatures
  A ghost moth (Abyss:2)
  A very ugly thing (Abyss:2)
  An ettin (Orc:1)
  Harold (Lair:1)
  2 hydras
  An ogre mage (Orc:2)
  A boulder beetle (Lair:1)
  3 death yaks (Lair:4)
  3 two-headed ogres
  Erica (Lair:2)
  A titan zombie (Abyss:3)
  Sonja (Lair:5)
  Nergalle (Orc:2)
  A goliath frog (Lair:5)
  A wretched star (Abyss:2)
  A skyshark (Lair:5)
  A deep troll (Lair:3)
  2 lindwurms (Lair:5)
  2 ugly things (Abyss:2)
  6 orc sorcerers (Orc:2)
  A manticore (D:8)
  A cyclops (D:8)
  4 black mambas
  9 elephants
  19 cane toads
  The ghost of lunkers the Insei, a novice MeSh (D:4)
  Maggie (Lair:1)
  Jeremiah (D:7)
  Psyche (D:10)
  5 rime drakes
  4 komodo dragons
  6 trolls
  5 starcursed masses (Abyss:3)
  4 tyrant leeches (Lair:5)
  3 polar bears
  13 blink frogs
  2 hornets
  Prince Ribbit (D:7)
  A large abomination (Abyss:3)
  2 jumping spiders (Lair:2)
  3 slime creatures
  2 wyverns
  A small abomination (Abyss:2)
  25 yaks
  A golden eye (Abyss:2)
  A steam dragon (Lair:4)
  A redback (Lair:2)
  6 vampire mosquitoes
  3 basilisks
  A swamp worm (Lair:2)
  Edmund (D:6)
  2 wargs (Orc:1)
  13 water moccasins
  Duvessa (D:6)
  10 orc warriors
  6 black bears
  A sky beast (D:7)
  4 ice beasts
  A swamp drake (D:9)
  3 centaurs
  8 ogres
  14 bullfrogs
  2 gnoll sergeants (D:8)
  3 kobold brigands
  A scorpion (D:6)
  9 wights
  Dowan (D:6)
  4 killer bees
  4 howler monkeys
  An electric eel (Lair:5)
  7 jellies
  2 quasits (D:4)
  5 hounds
  6 orc priests
  A gnoll bouda (D:8)
  An iron imp (Abyss:3)
  4 iguanas
  28 orc wizards
  A sleepcap (D:7)
  Ijyb (D:5)
  7 hell rats (Lair:2)
  Robin (D:4)
  12 gnolls
  5 river rats (Lair:2)
  3 adders
  A shadow imp (D:5)
  3 white imps
  A worm (D:5)
  2 dart slugs
  64 orcs
  3 ball pythons
  4 bats
  10 endoplasms
  5 giant cockroaches
  18 goblins
  10 hobgoblins
  7 jackals
  19 kobolds
  2 quokkas
  6 frilled lizards
  8 rats
496 creatures vanquished.

Vanquished Creatures (others)
  An orc warrior (D:9)
  An orc (D:9)
2 creatures vanquished.

Grand Total: 498 creatures vanquished

Notes
Turn   | Place    | Note
-------+----------+-------------------------------------------
     0 | D:1      | Pooter the Minotaur Berserker began the quest for the Orb.
     0 | D:1      | Reached XP level 1. HP: 19/19 MP: 0/0
    20 | D:1      | HP: 1/30 [gnoll/+0 flail (5)]
    22 | D:1      | Reached skill level 4 in Axes
    22 | D:1      | Reached XP level 2. HP: 1/27 MP: 1/1
   448 | D:1      | Found a faded altar of an unknown god.
   547 | D:1      | Reached XP level 3. HP: 30/33 MP: 2/2
   882 | D:1      | Reached ** piety under Trog
  1111 | D:2      | Reached skill level 5 in Axes
  1315 | D:2      | Reached XP level 4. HP: 41/41 MP: 3/3
  2349 | D:4      | Found a staircase to the Ecumenical Temple.
  2382 | D:4      | Noticed Robin
  2392 | D:4      | Killed Robin
  2393 | D:4      | Reached skill level 6 in Axes
  2398 | D:4      | Reached XP level 5. HP: 35/47 MP: 4/4
  2510 | D:4      | Found a transporter.
  2544 | D:4      | Noticed an ogre
  2552 | D:4      | Killed an ogre
  2553 | D:4      | Reached skill level 5 in Fighting
  2553 | D:4      | Reached skill level 1 in Ranged Weapons
  2804 | D:4      | Reached XP level 6. HP: 56/56 MP: 5/5
  2852 | D:4      | Found a transporter.
  2863 | D:4      | Noticed lunkers's ghost (novice MeSh)
  2894 | D:4      | Found a shadowy altar of Dithmenos.
  2971 | D:4      | Killed lunkers's ghost
  2972 | D:4      | Reached skill level 7 in Axes
  2972 | D:4      | Reached XP level 7. HP: 62/62 MP: 6/6
  3055 | D:5      | Entered Level 5 of the Dungeon
  3174 | D:5      | Reached skill level 8 in Axes
  3555 | D:5      | Reached skill level 5 in Ranged Weapons
  3555 | D:5      | Reached XP level 8. HP: 71/71 MP: 7/7
  3823 | D:5      | Found a transporter.
  3826 | D:5      | Found a transporter.
  3863 | D:5      | Noticed Thrassey's ghost (amateur OpFE)
  3875 | D:5      | Noticed Ijyb
  3883 | D:5      | Killed Ijyb
  4299 | D:6      | Reached skill level 9 in Axes
  4382 | D:6      | Reached *** piety under Trog
  4417 | D:6      | Noticed Edmund
  4426 | D:6      | Killed Edmund
  4682 | D:6      | Reached skill level 10 in Axes
  4899 | D:6      | Reached XP level 9. HP: 79/79 MP: 8/8
  5092 | D:6      | Found a sacrificial altar of Ru.
  5258 | D:6      | Identified the +0 scale mail of Vesez {rF+ rCorr Int+3}
  5355 | D:6      | Noticed Duvessa
  5608 | D:6      | Noticed Dowan
  5616 | D:6      | Killed Duvessa
  5618 | D:6      | Killed Dowan
  6196 | D:7      | Reached skill level 1 in Evocations
  6203 | D:7      | Reached skill level 11 in Axes
  6233 | D:7      | Noticed Jeremiah
  6462 | D:7      | Killed Jeremiah
  6811 | D:7      | Noticed Prince Ribbit
  6816 | D:7      | Killed Prince Ribbit
  6912 | D:7      | Reached XP level 10. HP: 86/90 MP: 9/9
  6957 | D:8      | Noticed a two-headed ogre
  7159 | D:8      | Killed a two-headed ogre
  7160 | D:8      | Reached skill level 12 in Axes
  7485 | D:8      | Noticed a two-headed ogre
  7493 | D:8      | Noticed a manticore
  7497 | D:8      | Killed a two-headed ogre
  7498 | D:8      | Reached skill level 10 in Ranged Weapons
  7500 | D:8      | HP: 2/136 [troll (14)]
  7835 | D:8      | Identified the +2 chain mail of Cawkos {rN+ Str+2 Int-3}
  8091 | D:8      | Killed a manticore
  8882 | D:8      | Identified the +2 broad axe "Tarr" {protect, rElec rPois
                  | Int-3}
  9076 | D:8      | Reached skill level 13 in Axes
  9285 | D:8      | Noticed a cyclops
  9290 | D:8      | Killed a cyclops
  9505 | D:9      | Reached XP level 11. HP: 87/99 MP: 10/10
  9589 | D:9      | Reached **** piety under Trog
  9666 | D:9      | Found a runed translucent gate.
  9672 | D:9      | Found a runed translucent gate.
  9858 | D:9      | Found a runed translucent gate.
  9859 | D:9      | Noticed a cyan ugly thing
  9859 | D:9      | Noticed a white ugly thing
  9860 | D:9      | Noticed a white ugly thing
  9917 | D:9      | Found a staircase to the Orcish Mines.
 10228 | D:9      | Noticed a two-headed ogre
 10233 | D:9      | Killed a two-headed ogre
 10234 | D:9      | Reached skill level 10 in Fighting
 10416 | D:10     | Entered Level 10 of the Dungeon
 10474 | D:10     | Noticed Psyche
 10485 | D:10     | Killed Psyche
 10735 | D:10     | Identified a scroll of acquirement
 10735 | D:10     | Acquired the +9 arbalest "Itsaewal" {penet, Will- Str+4
                  | SInv}
 10863 | D:10     | Found an opulent altar of Gozag.
 11282 | D:10     | Found a white marble altar of Elyvilon.
 11334 | D:10     | Found a staircase to the Lair.
 11531 | Gauntlet | Identified the "Liyrch"
 11531 | Lair:1   | Entered Level 1 of the Lair of Beasts
 11558 | Lair:1   | Noticed Harold
 11570 | Lair:1   | Killed Harold
 11586 | Lair:1   | Reached skill level 14 in Axes
 12138 | Lair:1   | Noticed a boulder beetle
 12156 | Lair:1   | Killed a boulder beetle
 12157 | Lair:1   | Reached skill level 5 in Evocations
 12289 | Lair:1   | Noticed Maggie
 12295 | Lair:1   | Killed Maggie
 12578 | Lair:1   | Reached XP level 12. HP: 85/108 MP: 11/11
 13003 | Lair:2   | Reached skill level 15 in Axes
 13065 | Lair:2   | Found a staircase to the Swamp.
 13361 | Lair:2   | Noticed Erica
 13364 | Lair:2   | Killed Erica
 13991 | Lair:2   | Found a hole to the Spider Nest.
 15415 | Lair:3   | Reached skill level 16 in Axes
 15540 | Lair:3   | Reached ***** piety under Trog
 15722 | Lair:3   | Noticed a five-headed hydra
 15729 | Lair:3   | Killed a four-headed hydra
 17603 | Lair:3   | Reached XP level 13. HP: 87/117 MP: 12/12
 18585 | Lair:5   | Entered Level 5 of the Lair of Beasts
 19503 | Lair:5   | Reached skill level 17 in Axes
 20215 | Lair:5   | Received a gift from Trog
 21028 | Lair:5   | Reached skill level 15 in Ranged Weapons
 24166 | Lair:5   | Noticed Sonja
 24170 | Lair:5   | Killed Sonja
 24954 | Lair:5   | Found a viscous altar of Jiyva.
 24955 | Lair:5   | Found a staircase to the Slime Pits.
 25122 | Lair:5   | Identified the +4 rapier of Gyesinn {flame, *Rage Str+5}
 25748 | Orc:1    | Entered Level 1 of the Orcish Mines
 26294 | Orc:1    | Noticed an ettin
 26304 | Orc:1    | Killed an ettin
 26808 | Orc:2    | Entered Level 2 of the Orcish Mines
 26808 | Orc:2    | Found a staircase to the Elven Halls.
 28196 | Orc:2    | Reached XP level 14. HP: 127/127 MP: 13/13
 28215 | Orc:2    | Paralysed by an orc sorcerer for 4 turns
 30124 | Orc:2    | Found Nolaufoz's Magic Scroll Boutique.
 30131 | Orc:2    | Bought a scroll of identify for 32 gold pieces
 30131 | Orc:2    | Bought a scroll of fog for 64 gold pieces
 30131 | Orc:2    | Bought a scroll of enchant weapon for 120 gold pieces
 30145 | Orc:2    | Found an ancient bone altar of Kikubaaqudgha.
 30145 | Orc:2    | Noticed Nergalle
 30151 | Orc:2    | Killed Nergalle
 30155 | Orc:2    | Reached skill level 18 in Axes
 30425 | Orc:2    | Noticed Erolcha
 30428 | Abyss:2  | Cast into level 2 of the Abyss (Erolcha)
 30460 | Abyss:2  | Noticed a ghost moth
 30468 | Abyss:2  | Noticed a purple very ugly thing
 30468 | Abyss:2  | Killed a ghost moth
 30477 | Abyss:2  | Killed a purple very ugly thing
 30492 | Abyss:2  | Found a corrupted altar of Lugonu.
 30551 | Abyss:3  | Slain by a large abomination

Illustrated notes

Levels and vault maps discovered:
D:1:      minmay_arrival_plants_in_alcoves, layout_loops_corners,
          chequers_ecumenical_altar_twisty, minmay_tetromino_t2
D:2:      layout_rooms
D:3:      layout_basic
D:4:      layout_basic, nicolae_dithmenos_through_a_glass_darkly,
          minmay_temple_entry_ruins, gammafunk_ghost_stat_death, uniq_robin
D:5:      layout_gridville, gammafunk_ghost_hive, uniq_ijyb
D:6:      corexii_shack_village, layout_cave_pools, lemuel_tele_altar,
          uniq_edmund, uniq_duvessa
D:7:      layout_cave_pools, uniq_prince_ribbit1, uniq_jeremiah
D:8:      layout_cave_pools, hangedman_decor_diamond_cutter,
          minmay_pinched_square
D:9:      layout_roguey [special_room_orc], erik_orc_1,
          ploomutoo_gammafunk_ghost_potion_laboratory, dk_noncrumbling_2,
          minmay_misc_feat_tower
D:10:     layout_basic, old_standard_altar, overflow_temple_1_default,
          lair_entry_dummy, uniq_psyche
Lair:1:   layout_loops_ring, lemuel_fruit_fields, uniq_maggie, uniq_harold
Lair:2:   layout_roguey, minmay_swamp_entry_worms, spider_nest_entry_a,
          kennysheep_abandoned_house, uniq_erica
Lair:3:   dreamdust_cave_troll, layout_small_grid, serial_forest,
          infiniplex_forest_end_2, infiniplex_forest_clump_double,
          infiniplex_forest_lined_3, infiniplex_forest_side_room,
          infiniplex_forest_end_2, infiniplex_forest_clump_cross,
          infiniplex_forest_end_1, infiniplex_forest_clump_small,
          infiniplex_forest_clump_tiny, nicolae_quartered_pool_impasse,
          serial_bayou_shore_b, grunt_megastairs_5, serial_bayou_shore_b
Lair:4:   layout_loops_ring
Lair:5:   minmay_lair_end_frog_pond, layout_long_grid,
          minmay_slime_entry_pillars, nicolae_lair_lindhole,
          serial_bayou_shore_a, uniq_sonja
Orc:1:    layout_caves
Orc:2:    kennysheep_orc_mage_school, layout_caves, special_room,
          nicolae_orc_sculptors_studio
Abyss:3:  base: Orc:2, minivault_11, evilmike_abyss_exit_plants

Skill      XL: |  1  2  3  4  5  6  7  8  9 10 11 12 13 14 |
---------------+-------------------------------------------+-----
Axes           | 4 5 6 7 8 10 11 13 14 16 17 18 | 18.2
Fighting       | 4 5 6 7 8 9 10 11 12 13 | 13.2
Ranged Weapons | 2 3 5 7 9 10 12 14 15 16 | 16.0
Evocations     | 2 4 5 6 7 8 |  8.2
Armour         | |  2.4
Dodging        | |  2.1

Action                     |  1- 3 |  4- 6 |  7- 9 | 10-12 | 13-15 || total
---------------------------+-------+-------+-------+-------+-------++-------
  Melee: Hand axe          |     5 |       |       |       |       ||     5
         Headbutt          |     7 |    11 |    55 |    83 |    32 ||   188
         Flail             |    65 |    67 |    68 |       |       ||   200
         Punch             |       |       |     2 |     2 |     1 ||     5
         War axe           |       |       |    51 |       |       ||    51
         Battleaxe         |       |       |    73 |    57 |       ||   130
         Broad axe         |       |       |       |   265 |    48 ||   313
         Scimitar          |       |       |       |     1 |     5 ||     6
         Executioner's axe |       |       |       |       |    73 ||    73
   Fire: Sling             |       |    12 |    76 |       |       ||    88
         Orcbow            |       |       |       |    54 |       ||    54
         Arbalest          |       |       |       |   151 |   292 ||   443
  Throw: Dart              |       |     5 |    31 |       |       ||    36
         Stone             |       |     5 |       |       |       ||     5
 Invoke: Berserk           |     3 |     4 |     9 |     9 |     5 ||    30
         Trog's Hand       |     1 |     2 |     2 |    12 |     5 ||    22
  Evoke: Wand              |       |       |    11 |     5 |     5 ||    21
         Condenser vane    |       |       |       |       |     1 ||     1
    Use: Scroll            |     4 |     3 |     8 |    10 |     6 ||    31
         Potion            |       |       |       |     3 |     5 ||     8
   Stab: Sleeping          |     2 |       |       |       |       ||     2
         Paralysed         |       |       |     6 |     5 |       ||    11
 Armour: Animal skin       |    44 |     3 |       |       |       ||    47
         Ring mail         |       |    61 |       |       |       ||    61
         Chain mail        |       |    15 |   168 |   365 |   199 ||   747
  Dodge: Dodged            |    65 |    63 |    80 |   151 |    73 ||   432
  Block: Other             |       |       |     4 |    90 |    35 ||   129
         Reflection        |       |       |       |     6 |     1 ||     7

Table legend: (Time is in decaauts)
 A = Elapsed time spent in this place.
 B = Non-inter-level travel time spent in this place.
 C = Inter-level travel time spent in this place.
 D = Time resting spent in this place.
 E = Time spent auto-exploring this place.
 F = Levels seen in this place.
 G = Mean time per level.
                   A        B        C        D        E       F      G
               +--------+--------+--------+--------+--------+-----+--------+
         Total |  31045 |  30400 |    645 |  16951 |   9702 |  19 | 1633.9 |
       Dungeon |  12165 |  11789 |    376 |   4487 |   5257 |  10 | 1216.5 |
          Lair |  14035 |  13767 |    268 |   8628 |   4033 |   5 | 2807.0 |
  Orcish Mines |   4711 |   4711 |      0 |   3808 |    412 |   2 | 2355.5 |
         Abyss |    133 |    133 |      0 |     27 |      0 |   2 |   66.5 |
               +--------+--------+--------+--------+--------+-----+--------+

Top non-repeatable levels by time:
  Lair:5: 6493 daAuts
   Orc:2: 3633 daAuts
  Lair:3: 3063 daAuts
     D:8: 2228 daAuts
  Lair:2: 1768 daAuts
     D:5: 1552 daAuts
  Lair:4: 1517 daAuts
     D:6: 1484 daAuts
    D:10: 1406 daAuts
     D:7: 1271 daAuts
  Lair:1: 1191 daAuts
     D:1: 1115 daAuts
     D:9: 1083 daAuts
   Orc:1: 1078 daAuts
     D:4: 762 daAuts
